 Dungeon Crawl Stone Soup version 0.25-a0-1021-g227e4c2 (webtiles) character file.

Game seed: 706627600858218713, levelgen mode: deterministic

27 Illumine the Chiller (level 2, -7/21 HPs)
             Began as a Demonspawn Ice Elementalist on May 12, 2020.
             Mangled by a worm (11 damage)
             ... on level 2 of the Dungeon.
             The game lasted 00:02:23 (1254 turns).

Illumine the Chiller (Demonspawn Ice Elementalist)  Turns: 1254, Time: 00:02:24

Health: -7/21      AC:  2    Str:  8    XL:     2   Next: 93%
Magic:  1/5        EV: 12    Int: 16    God:
Gold:   53         SH:  0    Dex: 13    Spells: 4/5 levels left

rFire    . . .     SeeInvis +   (no weapon)
rCold    . . .     Gourm    .   (no shield)
rNeg     . . .     Faith    .   a - +0 robe
rPois    .         Spirit   .   (no helmet)
rElec    .         Reflect  .   (no cloak)
rCorr    .         Harm     .   (no gloves)
MR       .....                  (no boots)
Stlth    ++........             (no amulet)
HPRegen  0.07/turn              e - ring of see invisible
MPRegen  0.09/turn              (no ring)

@: no status effects
A: claws 1
a: no special abilities


You were on level 2 of the Dungeon.
You were hungry.

You visited 1 branch of the dungeon, and saw 2 of its levels.

You collected 53 gold pieces.

Inventory:

Hand Weapons
 g - a +0 club
Armour
 a - a +0 robe (worn)
Jewellery
 e - a ring of see invisible (left claw)
 f - an uncursed ring of fire
Scrolls
 b - 3 scrolls of identify {unknown}
 j - a scroll of immolation {unknown}
 l - a scroll of teleportation {unknown}
 m - 2 scrolls of remove curse {unknown}
Potions
 d - 2 potions of cancellation {unknown}
 h - a potion of invisibility {unknown}
 i - a potion of degeneration {unknown}
 n - a potion of brilliance {unknown}
Comestibles
 c - 4 rations
 k - a chunk of flesh


   Skills:
 + Level 1.1 Fighting
 + Level 2.1 Dodging
 - Level 1.7 Stealth
 + Level 2.3 Spellcasting
 + Level 3.9 Ice Magic


You had 4 spell levels left.
You knew the following spells:

 Your Spells              Type           Power        Failure   Level  Hunger
a - Freeze                Ice            ##..         4%          1    #......

Your spell library contained the following spells:

 Spells                   Type           Power        Failure   Level  Hunger
 Frozen Ramparts          Ice            ##....       12%         3    ###....
 Ozocubu's Armour         Chrm/Ice       #.......     26%         3    ###....
 Hailstorm                Conj/Ice       #.......     65%         4    #####..
 Summon Ice Beast         Ice/Summ       #.......     65%         4    #####..


Dungeon Overview and Level Annotations

Branches:
Dungeon (2/15)

Altars:


Innate Abilities, Weirdness & Mutations

You have sharp fingernails.


Message History

You freeze the worm.
The worm is heavily wounded.
Casting: Freeze (safe; 4% risk of failure)
Confirm with . or Enter, or press ? or * to list all spells.
Aiming: Freeze (safe; 4% risk of failure)
Press: ? - help, Shift-Dir - straight line, f/p - worm
Aim: a worm (heavily wounded)
You freeze the worm.
The worm is severely wounded.
You are feeling hungry.
The worm bites you!
Ouch! That really hurt!
* * * LOW HITPOINT WARNING * * *
You scratch the worm.
The worm is severely wounded.
You scratch the worm.
The worm is almost dead.
The worm bites you!
Ouch! That really hurt!
You die...

####.####.# #
#######......##.##########
#.......##.......<........
#.#####.#....##...##.##.## #
####.......#......##.# #.
#.................##.#
.####.##.##......###..##.##.#
.................###........#
#######.####.@..÷....##...###
#†# #w###.##### ...# #.# ...#
#.# #...# #.#.##.# #.# ..#
w.# #.. ..# .# ... ..# ##. ..
.... ### . ..#. . ... ..


You could see a worm.

Vanquished Creatures
  An ooze (D:1)
  A worm (D:2)
  A dart slug (D:1)
  A leopard gecko (D:2)
  2 bats
  A giant cockroach (D:2)
  2 goblins (D:1)
  A hobgoblin (D:1)
  2 kobolds (D:1)
  7 rats
19 creatures vanquished.

Notes
Turn   | Place    | Note
-------+----------+-------------------------------------------
     0 | D:1      | Illumine the Demonspawn Ice Elementalist began the quest
                  | for the Orb.
     0 | D:1      | Reached XP level 1. HP: 13/13 MP: 3/3
   257 | D:1      | Gained mutation: You have sharp fingernails. [demonic
                  | ancestry]
   257 | D:1      | Reached XP level 2. HP: 14/20 MP: 0/5
   534 | D:1      | Upgraded the game from 0.25-a0-1017-g8a05a4c to
                  | 0.25-a0-1021-g227e4c2
  1098 | D:2      | Reached skill level 1 in Fighting
  1254 | D:2      | Mangled by a worm

Illustrated notes

Levels and vault maps discovered:
D:1:      onia_arrival_handbag, layout_basic, serial_rivers,
          chequers_serial_rivers_micro_c, chequers_serial_rivers_small_a,
          chequers_serial_rivers_large_a, chequers_serial_rivers_micro_a,
          chequers_serial_rivers_micro_a
D:2:      layout_loops_cross

Skill      XL: |  1  2 |
---------------+-------+-----
Dodging        | 2 |  2.1
Fighting       | 1 |  1.1
Stealth        | |  1.7
Spellcasting   | |  2.3
Ice Magic      | |  3.9

Action                   || total
-------------------------++-------
Melee: Unarmed           ||    13
 Cast: Freeze            ||    36
  Eat: Chunk             ||     1
Armor: Robe              ||     5
Dodge: Dodged            ||    29

Table legend:
 A = Non-vault XP
 B = Vault XP
 C = Vault XP percentage of total XP
 D = Non-vault monster count
 E = Vault monster count
 F = Vault count percentage of total count
                 A         B        C        D         E       F
            +---------+---------+-------+---------+---------+-------
      Total |      35 |       4 |  10.3 |      15 |       4 |  21.1
            +---------+---------+-------+---------+---------+-------
        D:1 |      22 |       4 |  15.4 |       9 |       4 |  30.8
        D:2 |      13 |       0 |   0.0 |       6 |       0 |   0.0
            +---------+---------+-------+---------+---------+-------
